 Dungeon Crawl Stone Soup version 0.24.1-8-ga250c9d538 (webtiles) character file.

Game seed: 1990309531095097624, levelgen mode: deterministic

7793 H0rd4k the Thaumaturge (level 11, -9/55 HPs)
             Began as a Deep Elf Wizard on Apr 30, 2020.
             Was an Initiate of Gozag.
             Mangled by a yak (14 damage)
             ... in an ice cave.
             The game lasted 00:45:07 (14222 turns).

H0rd4k the Thaumaturge (Deep Elf Wizard)           Turns: 14222, Time: 00:45:09

Health: -9/55      AC:  2    Str:  4    XL:     11   Next: 1%
Magic:  22/31      EV: 14    Int: 27    God:    Gozag
Gold:   2057       SH:  0    Dex: 13    Spells: 19/38 levels left

rFire    + + .     SeeInvis .   u - +6 dagger of Baemo {pierce, rF++ rC+}
rCold    + + .     Gourm    .   (no shield)
rNeg     + . .     Faith    .   a - +0 robe
rPois    .         Spirit   .   b - +0 hat
rElec    .         Reflect  +   (no cloak)
rCorr    .         Harm     .   (no gloves)
MR       +....                  (no boots)
Stlth    +.........             C - +3 amulet of reflection
HPRegen  0.18/turn              x - ring of protection from cold
MPRegen  0.22/turn              y - ring of positive energy

@: confused
A: no striking features
a: Potion Petition, Call Merchant, Bribe Branch, Renounce Religion


You were in an ice cave.
You worshipped Gozag.
Gozag was most pleased with you.
You were not hungry.

You visited 1 branch of the dungeon, and saw 11 of its levels.
You also visited: Ossuary and Ice Cave.

You collected 2075 gold pieces.
You paid 18 gold pieces to Gozag.

Inventory:

Hand Weapons
 t - a +3 dagger
 u - the +6 dagger of Baemo (weapon) {pierce, rF++ rC+}
   (You found it on level 4 of the Dungeon)

   It inflicts extra damage upon your enemies.
   It greatly protects you from fire.
   It protects you from cold.
 I - the +0 halberd "Fepun" {holy, +Blink rPois MR- Stlth+}
   (You found it on level 8 of the Dungeon)

   It has been blessed by the Shining One to cause great damage to the undead
   and demons.
   It protects you from poison.
   It affects your resistance to hostile enchantments.
   It lets you blink.
   It makes you more stealthy.
Missiles
 c - 20 poisoned darts (quivered)
Armour
 a - a +0 robe (worn)
 b - a +0 hat (worn)
Jewellery
 x - a ring of protection from cold (left hand)
 y - a ring of positive energy (right hand)
 B - an uncursed amulet of the gourmand
 C - a +3 amulet of reflection (around neck)
 F - an uncursed ring of positive energy
 K - an uncursed ring of flight
Wands
 z - a wand of flame (2)
 O - a wand of polymorph (9)
Scrolls
 h - a scroll of magic mapping
 i - 2 scrolls of fog {unknown}
 j - a scroll of random uselessness {unknown}
 k - 6 scrolls of fear {unknown}
 m - 11 scrolls of teleportation
 n - a scroll of enchant weapon {unknown}
 o - 2 scrolls of remove curse
 q - a scroll of noise {unknown}
 v - 3 scrolls of enchant armour {unknown}
 w - 2 scrolls of immolation {unknown}
 H - a scroll of amnesia {unknown}
 J - a scroll of torment {unknown}
Potions
 e - 2 potions of resistance
 f - 3 potions of ambrosia
 l - 3 potions of brilliance
 p - 2 potions of might
 r - 2 potions of haste
 s - 4 potions of curing
 A - 4 potions of magic
 D - 4 potions of agility
 E - 2 potions of mutation
 M - a potion of berserk rage
 N - a potion of flight
Comestibles
 d - 10 rations


   Skills:
 + Level 0.8 Fighting
 + Level 4.7 Dodging
 + Level 5.0 Stealth
 + Level 14.3 Spellcasting
 + Level 9.8 Conjurations
 + Level 1.6 Charms
   Level 1.1 Summonings
 + Level 4.3 Translocations
 + Level 3.9 Fire Magic
 + Level 3.3 Air Magic
 + Level 3.7 Poison Magic
 + Level 1.7 Evocations


You had 19 spell levels left.
You knew the following spells:

 Your Spells              Type           Power        Failure   Level  Hunger
a - Magic Dart            Conj           ####         1%          1    None
b - Blink                 Tloc           N/A          1%          2    None
c - Conjure Flame         Conj/Fire      ######..     1%          3    None
d - Mephitic Cloud        Conj/Pois/Air  #####...     1%          3    None
e - Shroud of Golubria    Chrm/Tloc      #####.       1%          2    None
f - Swiftness             Chrm/Air       ####....     1%          2    None
g - Passage of Golubria   Tloc           N/A          4%          4    None
h - Passwall              Tmut/Erth      ###.....     4%          2    None

Your spell library contained the following spells:

 Spells                   Type           Power        Failure   Level  Hunger
 Infusion                 Chrm           ####         1%          1    None
 Song of Slaying          Chrm           ####....     1%          2    None
 Call Imp                 Summ           ####....     2%          2    None
 Slow                     Hex            ###.....     4%          2    None
 Regeneration             Chrm/Necr      ###.......   6%          3    None
 Spectral Weapon          Hex/Chrm       ###.....     6%          3    None
 Lee's Rapid Deconstruct  Erth           ###.......   61%         5    #......
 Darkness                 Hex            ###.......   99%         6    ####...
 Invisibility             Hex            ###.....     99%         6    ####...


Dungeon Overview and Level Annotations

Branches:
Dungeon (11/15)            Temple (0/1) D:4            Lair (0/6) D:10
Ossuary (visited)           IceCv (1/1)
    Orc: D:9-12

Altars:
Ashenzari
Dithmenos
Gozag
Hepliaklqana
Okawaru
Ru
Uskayaw
Xom

Annotations:
D:1 exclusion: downstairs
D:2 exclusion: downstairs
D:3 Grinder
D:5 1 runed translucent door, Crazy Yiuf
D:6 exclusions: downstairs and upstairs
D:7 exclusions: Joseph and downstairs, Harold
D:9 Gastronok
D:10 exclusion: upstairs IceCv exclusion: ice statue


Message History

You're too confused to cast spells.
You puncture the yak!
The yak is moderately wounded.
You are engulfed in noxious fumes.
You choke on the stench!
You are more confused.
The wolf bites you but does no damage. The yak closely misses you.
You're too confused to cast spells.
You hit the yak.
The yak is heavily wounded.
You are engulfed in noxious fumes.
The wolf bites you! The yak closely misses you.
Unknown command.
You're too confused to cast spells.
You bump into the ice covered rock wall.
You are engulfed in noxious fumes.
The wolf barely misses you. The wolf bites you!
* * * LOW HITPOINT WARNING * * *
The yak gores you!
You die...
Your body crumbles into a pile of gold.

#..#...#.#..###.####≈≈*
#..###..○.☼##≈###≈*≈≈≈*
##..###○.○##≈≈≈≈≈≈≈≈≈≈*
#.§.###.###*≈≈≈*###≈≈*
*##..#####.##≈≈*##.##**
*≈##..###...#≈###h..#*
*≈≈##......##*#.#§#..#*
*≈≈≈#....#..###h○°##..#
*≈≈≈##.###..#..#@##*.##
*≈≈*#######.#.#Y##≈*#.*
**##.##.##..#.#Y#**,,##
##.##.....##Y#Y.**,***
#.#..8...##.##..#**,,*
#§.#..####*#,#.#≈≈**,*
#.##.##≈≈***,..#≈≈*,**
#Y####≈≈≈*,*,.##≈≈,*,*
##.#*≈≈≈**,,,**≈≈≈*,,*


You could see 3 yaks and 2 wolves.

Vanquished Creatures
  2 two-headed ogres (D:8)
  Joseph (D:7)
  2 polar bears (IceCv)
  A hornet (D:8)
  A hippogriff (D:11)
  Sigmund (D:2)
  A wyvern (D:10)
  4 hogs (D:7)
  A human (D:7)
  A vampire mosquito (D:11)
  Edmund (D:3)
  An acid dragon (D:10)
  4 orc warriors
  2 black bears
  2 ice beasts
  3 ogres
  A phantom (D:11)
  A hornet zombie (D:10)
  A necrophage (D:11)
  A wolf (IceCv)
  4 crocodiles (D:10)
  2 centaurs
  A big kobold (D:11)
  2 bullfrogs
  Blork the orc (D:5)
  A water moccasin zombie (D:5)
  3 scorpions
  4 wights (D:8)
  9 killer bees (D:7)
  4 howler monkeys
  2 crimson imps
  A quasit (D:6)
  7 orc priests
  A bullfrog skeleton (D:11)
  3 jellies
  4 hounds
  Ijyb (D:5)
  An iguana (D:3)
  6 orc wizards
  4 worker ants
  A hound zombie (D:6)
  8 mummies (Ossuary)
  3 hound skeletons
  3 worker ant zombies
  8 gnolls
  8 adders
  2 adder zombies
  4 worms
  A dart slug (D:1)
  6 leopard geckos
  17 orcs
  7 giant cockroaches
  5 hobgoblins
  11 jackals
  14 kobolds
  A ball python (D:1)
  7 bats
  7 frilled lizards
  A giant cockroach zombie (D:6)
  2 gnoll zombies (Ossuary)
  3 goblins (D:1)
  2 hobgoblin zombies (Ossuary)
  3 kobold zombies (Ossuary)
  A leopard gecko skeleton (D:5)
  An orc zombie (Ossuary)
  9 rats
228 creatures vanquished.

Vanquished Creatures (others)
  2 polar bears (IceCv)
  2 yaks (IceCv)
  3 wolves (IceCv)
  A killer bee (D:7)
  An orc wizard (D:6)
9 creatures vanquished.

Grand Total: 237 creatures vanquished

Notes
Turn   | Place    | Note
-------+----------+-------------------------------------------
     0 | D:1      | H0rd4k the Deep Elf Wizard began the quest for the Orb.
     0 | D:1      | Reached XP level 1. HP: 10/10 MP: 7/7
   251 | D:1      | Reached XP level 2. HP: 15/15 MP: 6/9
   402 | D:1      | Reached skill level 5 in Spellcasting
   709 | D:2      | Reached XP level 3. HP: 19/19 MP: 4/11
   713 | D:2      | Learned a level 2 spell: Blink
   717 | D:2      | Learned a level 3 spell: Conjure Flame
   721 | D:2      | Learned a level 3 spell: Mephitic Cloud
   949 | D:2      | Found an opulent altar of Gozag.
  1058 | D:2      | Noticed Sigmund
  1571 | D:2      | Killed Sigmund
  1571 | D:2      | Reached skill level 6 in Spellcasting
  1571 | D:2      | Reached XP level 4. HP: 22/24 MP: 1/14
  1571 | D:2      | Reached XP level 5. HP: 26/28 MP: 1/16
  1986 | D:2      | Reached skill level 7 in Spellcasting
  2179 | D:2      | Became a worshipper of Gozag Ym Sagoz the Greedy
  2300 | D:3      | Found a shattered altar of Ashenzari.
  2359 | D:3      | Reached XP level 6. HP: 32/32 MP: 14/18
  2376 | D:3      | Found a hazy altar of Hepliaklqana.
  2871 | D:3      | Noticed Grinder
  3337 | D:4      | Found a staircase to the Ecumenical Temple.
  3712 | D:4      | Noticed Edmund
  3742 | D:3      | Reached skill level 8 in Spellcasting
  4208 | D:3      | Killed Edmund
  4208 | D:3      | Reached skill level 1 in Fire Magic
  4208 | D:3      | Reached XP level 7. HP: 36/36 MP: 9/20
  4316 | D:4      | Found a sacrificial altar of Ru.
  4358 | D:4      | Found a hide-covered altar of Uskayaw.
  4372 | D:4      | Got a scorched dagger
  4373 | D:4      | Identified the +6 dagger of Baemo {pierce, rF++ rC+} (You
                  | found it on level 4 of the Dungeon)
  4665 | D:4      | Found a shimmering altar of Xom.
  4668 | D:4      | Found an iron altar of Okawaru.
  4703 | D:5      | Entered Level 5 of the Dungeon
  4721 | D:5      | Found a shadowy altar of Dithmenos.
  5252 | D:6      | Reached skill level 5 in Conjurations
  5350 | D:6      | Reached skill level 9 in Spellcasting
  5363 | D:6      | Reached skill level 1 in Poison Magic
  5975 | D:6      | Reached skill level 1 in Air Magic
  5975 | D:6      | Reached XP level 8. HP: 41/41 MP: 2/23
  6526 | D:5      | Reached skill level 10 in Spellcasting
  6871 | D:5      | Noticed Blork the orc
  6883 | D:5      | Killed Blork the orc
  6927 | D:5      | Noticed Ijyb
  6948 | D:5      | Killed Ijyb
  7041 | D:5      | Found a runed translucent door.
  7042 | D:5      | Noticed Crazy Yiuf
  8037 | D:7      | Reached skill level 11 in Spellcasting
  8119 | D:7      | Noticed Harold
  8184 | D:7      | Reached XP level 9. HP: 34/45 MP: 20/26
  8543 | D:7      | Reached skill level 12 in Spellcasting
  9034 | D:7      | Noticed Joseph
  9091 | D:7      | Killed Joseph
  9544 | D:8      | Reached skill level 1 in Evocations
  9673 | D:8      | Found a sand-covered staircase.
  9678 | Ossuary  | Entered an ossuary
  9776 | Ossuary  | Learned a level 2 spell: Shroud of Golubria
 10501 | D:8      | Noticed a two-headed ogre
 10542 | D:8      | Killed a two-headed ogre
 10542 | D:8      | Reached skill level 13 in Spellcasting
 10542 | D:8      | Reached XP level 10. HP: 23/51 MP: 1/29
 10597 | D:8      | Noticed a two-headed ogre
 11343 | D:8      | Reached skill level 5 in Stealth
 11365 | D:8      | Got a bone halberd
 11366 | D:8      | Identified the cursed +0 halberd "Fepun" {holy, +Blink
                  | rPois MR- Stlth+} (You found it on level 8 of the Dungeon)
 11442 | D:8      | Killed a two-headed ogre
 11658 | D:8      | Found a shattered altar of Ashenzari.
 11906 | D:9      | Noticed Gastronok
 11912 | D:10     | Entered Level 10 of the Dungeon
 12908 | D:10     | Reached skill level 14 in Spellcasting
 12908 | D:10     | Reached skill level 1 in Charms
 13172 | D:10     | Found a staircase to the Lair.
 13486 | D:11     | Found a frozen archway.
 13525 | IceCv    | Entered an ice cave
 13752 | IceCv    | Noticed an ice statue
 13762 | IceCv    | Reached XP level 11. HP: 51/55 MP: 25/31
 13834 | IceCv    | HP: 2/55 [something] (10)]
 14193 | IceCv    | Learned a level 2 spell: Swiftness
 14198 | IceCv    | Learned a level 4 spell: Passage of Golubria
 14201 | IceCv    | Learned a level 2 spell: Passwall
 14222 | IceCv    | Mangled by a yak

Levels and vault maps discovered:
D:1:      wander_arrival_abandoned_jail, layout_loops_ring
D:2:      layout_basic, nicolae_gozag_seed_capital, uniq_sigmund
D:3:      layout_basic, overflow_temple_1_default, evilmike_ruin_ashenzari,
          uniq_grinder
D:4:      layout_rooms, hangedman_ru_absence, grunt_temple_overflow_diamond,
          minmay_temple_entry_ruins, uniq_edmund
D:5:      layout_layer_cave, lemuel_crystal_altar, first_ration, uniq_ijyb,
          uniq_blork_the_orc, uniq_crazy_yiuf_cottage
D:6:      layout_cave_pods, hangedman_decor_points
D:7:      layout_cave_pods, grunt_livestock, uniq_harold, uniq_joseph
D:8:      layout_loops_ring, kennysheep_little_box, enter_ossuary_5,
          minmay_fractal_squares_gapless_5
D:9:      layout_cave_pools, fedhas_altar_fruit_tree, orc_0_dummy,
          uniq_gastronok
D:10:     layout_roguey, erik_lair_dragon
D:11:     layout_loops_ring, portal_ice_cave_entry_pillars_1, pond
IceCv:    ice_cave_caverns_02

Skill      XL: |  1  2  3  4  5  6  7  8  9 10 |
---------------+-------------------------------+-----
Dodging        | 3 4 |  4.7
Spellcasting   | 5 6 7 8 9 11 13 14 | 14.3
Stealth        | 3 4 5 |  5.0
Conjurations   | 2 3 4 5 7 8 9 |  9.8
Fire Magic     | 1 2 3 |  3.9
Poison Magic   | 1 3 |  3.7
Air Magic      | 1 2 3 |  3.3
Translocations | 2 4 |  4.3
Evocations     | 1 |  1.7
Charms         | 1 |  1.6
Fighting       | |  0.8
Summonings     | |  1.1

Action                   |  1- 3 |  4- 6 |  7- 9 | 10-12 || total
-------------------------+-------+-------+-------+-------++-------
Melee: Dagger            |       |       |       |     3 ||     3
 Cast: Magic Dart        |   100 |   126 |   360 |   202 ||   788
       Conjure Flame     |     3 |     7 |    44 |    36 ||    90
       Mephitic Cloud    |     2 |     7 |    36 |    16 ||    61
       Blink             |       |     4 |    11 |    21 ||    36
       Shroud of Golubri |       |       |     2 |     8 ||    10
       Passwall          |       |       |       |     1 ||     1
Evoke: Wand              |       |       |    13 |     1 ||    14
  Use: Potion            |       |       |     6 |     2 ||     8
       Scroll            |       |       |     7 |     6 ||    13
  Eat: Chunk             |     2 |     2 |       |       ||     4
       Ration            |       |     2 |     5 |     4 ||    11
Armor: Robe              |     2 |     2 |     4 |     8 ||    16
Dodge: Dodged            |    16 |    24 |    42 |    52 ||   134
Block: Other             |       |       |     1 |     8 ||     9
